 Dungeon Crawl Stone Soup version 0.26.1-11-gd32895ea62 (webtiles) character file.

Game seed: 10979913361231309804

2907 Descartes the Nimble (level 9, -11/28 HPs)
             Began as a Felid Wanderer on June 29, 2021.
             Killed by divine providence
             ... invoked by a smoke demon
              (15 damage)
             ... on level 1 of the Abyss.
             The game lasted 00:31:04 (11128 turns).

Descartes the Nimble (Felid Wanderer)              Turns: 11128, Time: 00:31:04

Health: -11/28     AC:  4    Str: 12    XL:     9   Next: 49%
Magic:  11/11      EV: 31    Int: 10    God:
Gold:   582        SH:  0    Dex: 19    Spells: 8/10 levels left
                                        Lives:  0   Deaths: 3

rFire    . . .     SeeInvis +     - Unarmed
rCold    . . .     Faith    .   (shield unavailable)
rNeg     + . .     Spirit   .   (armour unavailable)
rPois    .         Reflect  .   (helmet unavailable)
rElec    .         Harm     .   (cloak unavailable)
rCorr    .         Rampage  .   (gloves unavailable)
Will     +....     Rnd*Rage +   (boots unavailable)
Stlth    +++++.....             (no amulet)
HPRegen  0.00/turn              k - ring of stealth
MPRegen  0.12/turn              m - ring of positive energy

@: about to teleport, very slightly contaminated, invisible, quick
A: very small, no armour, no weapons or thrown items, stealth, claws 1, fangs 3,
iridescent scales 1, see invisible, [berserk 2], [deterioration 2], speed 1,
[frail 2], sense surroundings 1, regeneration 1, shaggy fur 2, [inhibited
regeneration], evolution 1, [subdued magic 2], sharp paws
a: no special abilities


You were on level 1 of the Abyss.
You visited 2 branches of the dungeon, and saw 11 of its levels.
You visited the Abyss 1 time.
You also visited: Sewer.

You collected 652 gold pieces.
You spent 70 gold pieces at shops.

Inventory:

Missiles
 f - 264 stones
Jewellery
 d - an uncursed ring of magical power
 e - an uncursed ring of magical power
 k - a ring of stealth (left paw)
 m - a ring of positive energy (right paw)
Wands
 l - a wand of flame (25) (quivered)
Scrolls
 a - 12 scrolls of identify
 b - 6 scrolls of teleportation
 g - 4 scrolls of amnesia
 h - 7 scrolls of fear
 i - 8 scrolls of remove curse
 j - 4 scrolls of magic mapping
 u - a scroll of immolation
Potions
 c - 4 potions of curing
 n - 2 potions of attraction
 o - 2 potions of cancellation
 q - a potion of mutation
 t - a potion of brilliance


   Skills:
 - Level 2.0 Fighting
 + Level 13.5 Dodging
 + Level 8.2 Stealth
 + Level 11.1 Unarmed Combat
 - Level 1.0 Spellcasting
 - Level 1.0 Necromancy
 - Level 1.0 Poison Magic
 - Level 1.1 Evocations


You had 8 spell levels left.
You knew the following spells:

 Your Spells              Type           Power        Failure   Level
a - Animate Skeleton      Necr           2%           16%         1
b - Pain                  Necr           4%           16%         1

Your spell library contained the following spells:

 Spells                   Type           Power        Failure   Level
 Beastly Appendage        Tmut           0%           26%         1
 Wereblood                Tmut           0%           36%         2
 Vampiric Draining        Necr           0%           47%         3
 Spider Form              Tmut/Pois      0%           54%         3
 Animate Dead             Necr           0%           88%         4
 Ice Form                 Ice/Tmut       0%           96%         4
 Agony                    Necr           1%           99%         5
 Blade Hands              Tmut           0%           100%        5


Dungeon Overview and Level Annotations

Branches:
Dungeon (10/15)            Temple (1/1) D:4            Lair (0/6) D:8
  Sewer (visited)
    Orc: D:9-12

Altars:
Ashenzari
Cheibriados
Dithmenos
Elyvilon
Fedhas
Gozag
Hepliaklqana
Kikubaaqudgha
Makhleb
Nemelex Xobeh
Okawaru
Qazlal
Ru
Sif Muna
Trog
Uskayaw
Vehumet
Wu Jian
Xom
Yredelemnul
Zin
The Shining One

Shops:
D:5 *[?[}

Annotations:
D:9 exclusion: fire dragon
D:10 Psyche
Abyss:1 1 runed translucent door


Innate Abilities, Weirdness & Mutations

You cannot wear armour.
You are incapable of wielding weapons or throwing items.
Your paws allow you to move quietly. (Stealth)
You have sharp claws.
You have razor-sharp teeth.
You have supernaturally acute eyesight. (SInv)
You cover ground quickly.
You are covered in thick fur. (AC +2)
Your sharp claws are effective at attacking unaware monsters.
You are partially covered in iridescent scales. (AC +2)
You passively map a small area around you.
Your natural rate of healing is unusually fast.
You evolve.
[You often lose your temper in combat.]
[Your body often deteriorates upon taking damage.]
[You are very frail. (-20% HP)]
[You do not regenerate when monsters are visible.]
[Your spells are easier to cast, but less powerful.]


Message History

The wretched star pulses with an eldritch light!
Your regeneration stops near monsters.
Your connection to magic feels subdued.
Your connection to magic feels more subdued.
You are very lightly contaminated with residual magic.
Okay, then.
As you read the scroll of teleportation, it crumbles to dust.
You feel strangely unstable.
You feel the power of the Abyss delaying your translocation!
The orange demon completely misses you.
The wretched star pulses with an eldritch light!
You feel yourself wasting away.
You feel your body start to fall apart.
Okay, then.
The wretched star pulses with an eldritch light!
You feel a little pissed off.
You feel angry.
The wretched star pulses with an eldritch light!
You feel frail. x2
The smoke demon gestures at you. Something smites you!
Ouch! That really hurt!
You die...

# .#..#.#. #.
.X# ..##
#....##.#. .
#4##3#.#.##..
..###.#.#...#
.. #4.#..#
#.. #.*.# ##
##*.# #@##
#.# .#. .. #.
..# .# .#. #
#.#. . #


You could see 2 wretched stars, an orange demon, a large abomination and a smoke
demon.

Vanquished Creatures
  Harold (D:10)
  2 gargoyles
  A troll (D:9)
  Grinder (D:5)
  A flying skull (Abyss:1)
  A wraith (D:7)
  A wyvern (D:9)
  3 golden eyes (Abyss:1)
  Edmund (D:6)
  2 water moccasins
  3 ice beasts
  2 sky beasts
  Purgy (D:3)
  2 necrophages
  A phantom (D:9)
  An ogre (D:7)
  2 centaurs
  4 bullfrogs
  A big kobold (D:9)
  2 small abominations (Abyss:1)
  A wyvern zombie (D:6)
  A wyvern skeleton (D:7)
  2 scorpions
  A water moccasin skeleton (D:8)
  7 wights
  8 killer bees (D:8)
  5 howler monkeys
  A bullfrog zombie (D:8)
  3 hounds (D:8)
  A bullfrog skeleton (D:5)
  2 human zombies (D:7)
  2 orc priests (D:6)
  3 jellies
  A centaur skeleton (D:8)
  An iguana (D:5)
  2 human skeletons (D:7)
  5 orc wizards
  3 worker ants
  A killer bee zombie (D:8)
  An ogre skeleton (D:7)
  2 mummies (D:7)
  7 gnolls
  13 adders
  3 white imps
  4 ufetubi
  An ooze (D:3)
  An adder skeleton (D:9)
  An adder zombie (D:7)
  2 worms
  2 dart slugs
  4 leopard geckos
  18 orcs
  5 giant cockroaches
  10 goblins
  6 hobgoblins
  4 jackals
  3 quokkas
  5 ball pythons
  9 bats
  9 frilled lizards
  A giant cockroach zombie (D:5)
  A jackal skeleton (D:7)
  8 kobolds
  A quokka skeleton (D:6)
  11 rats
215 creatures vanquished.

Vanquished Creatures (collateral kills)
  A kobold (D:2)
  A quokka (D:3)
2 creatures vanquished.

Vanquished Creatures (others)
  2 starspawn tentacles (Abyss:1)
2 creatures vanquished.

Grand Total: 219 creatures vanquished

Notes
Turn   | Place    | Note
-------+----------+-------------------------------------------
     0 | D:1      | Descartes the Felid Wanderer began the quest for the Orb.
     0 | D:1      | Descartes set off with the following items: a scroll of
                  | teleportation; and the following spells available to
                  | memorise: Animate Skeleton, Pain, Vampiric Draining,
                  | Animate Dead, Agony
     0 | D:1      | Reached XP level 1. HP: 9/9 MP: 3/3
     2 | D:1      | Learned a level 1 spell: Animate Skeleton
     4 | D:1      | Learned a level 1 spell: Pain
    39 | D:1      | Reached skill level 1 in Dodging
   168 | D:1      | Reached XP level 2. HP: 13/13 MP: 4/4
   526 | D:1      | Reached skill level 2 in Dodging
  1227 | D:2      | Reached XP level 3. HP: 16/16 MP: 5/5
  1425 | D:2      | Reached skill level 3 in Dodging
  1634 | D:2      | Reached XP level 4. HP: 12/19 MP: 6/6
  1789 | D:2      | Found a faded altar of an unknown god.
  1806 | D:2      | Found a glowing silver altar of Zin.
  2404 | D:3      | Reached skill level 4 in Dodging
  2652 | D:3      | Noticed Purgy
  2669 | D:3      | Gained mutation: You are agile. (Dex +2) [potion of
                  | mutation]
  2669 | D:3      | Gained mutation: Your magical capacity is low. (-10% MP)
                  | [potion of mutation]
  2669 | D:3      | Gained mutation: You are partially covered in iridescent
                  | scales. (AC +2) [potion of mutation]
  2669 | D:3      | Gained mutation: You are somewhat resistant to further
                  | mutation. [potion of mutation]
  2679 | D:3      | Killed Purgy
  2680 | D:3      | Reached skill level 5 in Dodging
  2680 | D:3      | Reached XP level 5. HP: 6/22 MP: 6/6
  3288 | D:3      | Reached skill level 5 in Unarmed Combat
  3658 | D:4      | Found a staircase to the Ecumenical Temple.
  3768 | Temple   | Entered the Ecumenical Temple
  4247 | D:4      | Found a snail-covered altar of Cheibriados.
  4271 | D:4      | Gained mutation: You are covered in thick fur. (AC +2)
                  | [Felid growth]
  4271 | D:4      | Reached XP level 6. HP: 26/26 MP: 7/7
  4363 | D:5      | Entered Level 5 of the Dungeon
  4363 | D:5      | Noticed Grinder
  4370 | D:5      | Killed Grinder
  4371 | D:5      | Reached skill level 6 in Dodging
  4550 | D:5      | Found Bumaxaace's General Store.
  4560 | D:5      | Bought a scroll of identify for 28 gold pieces
  4570 | D:5      | Found Ysyokuic's Magic Scroll Emporium.
  4572 | D:5      | Found Fyehan's Antique Armour Emporium.
  4572 | D:5      | Found Subofiul's Armour Shoppe.
  4576 | D:5      | Bought a scroll of magic mapping for 42 gold pieces
  4654 | D:5      | Found a glowing drain.
  4673 | Sewer    | Entered a sewer
  4726 | Sewer    | Noticed a water moccasin
  4734 | Sewer    | Killed a water moccasin
  4735 | Sewer    | Reached XP level 7. HP: 17/30 MP: 8/8
  4891 | Sewer    | Lost mutation: Your magical capacity is low. (-10% MP)
                  | [potion of mutation]
  4891 | Sewer    | Lost mutation: You are somewhat resistant to further
                  | mutation. [potion of mutation]
  4891 | Sewer    | Lost mutation: You are agile. (Dex +2) [potion of mutation]
  4891 | Sewer    | Gained mutation: Your natural rate of healing is unusually
                  | fast. [potion of mutation]
  4891 | Sewer    | Gained mutation: You evolve. [potion of mutation]
  5073 | D:5      | Found Atzuaz Suro's Gadget Boutique.
  5136 | D:5      | Found a bloodstained altar of Trog.
  5938 | D:6      | Reached skill level 7 in Dodging
  5938 | D:6      | Reached skill level 5 in Stealth
  6190 | D:6      | Noticed Edmund
  6308 | D:6      | Found a shadowy altar of Dithmenos.
  6319 | D:6      | Slain by an orc warrior
  6320 | D:6      | Reached XP level 6. HP: -5/26 MP: 17/17
  6339 | D:6      | Reached XP level 7. HP: 30/30 MP: 9/9
  6587 | D:6      | Slain by an ice beast
  6588 | D:6      | Reached XP level 6. HP: -1/26 MP: 17/17
  6608 | D:6      | Killed an ice beast
  6609 | D:6      | Reached skill level 8 in Dodging
  6763 | D:6      | Found a sacrificial altar of Ru.
  6763 | D:6      | Found a shimmering blue altar of Sif Muna.
  6941 | D:7      | Reached XP level 7. HP: 24/30 MP: 9/9
  7055 | D:7      | Reached skill level 9 in Dodging
  7304 | D:7      | Gained mutation: You passively map a small area around you.
                  | [evolution]
  7470 | D:7      | Reached XP level 8. HP: 33/33 MP: 10/10
  7508 | D:7      | Reached skill level 10 in Dodging
  7524 | D:7      | Found an ancient bone altar of Kikubaaqudgha.
  7660 | D:8      | Found a staircase to the Lair.
  7673 | D:8      | Found a sparkling altar of Nemelex Xobeh.
  7673 | D:8      | Found an opulent altar of Gozag.
  7907 | D:8      | Reached skill level 11 in Dodging
  8251 | D:6      | Killed Edmund
  8516 | D:8      | Reached XP level 9. HP: 36/36 MP: 11/11
  8907 | D:8      | Found a radiant altar of Vehumet.
  9012 | D:8      | Found an ornate altar of the Wu Jian Council.
  9210 | D:8      | Reached skill level 12 in Dodging
  9294 | D:8      | Reached skill level 10 in Unarmed Combat
  9781 | D:9      | Noticed a gargoyle
 10006 | D:9      | Noticed a fire dragon
 10096 | D:9      | Killed a gargoyle
 10386 | D:10     | Entered Level 10 of the Dungeon
 10396 | D:10     | Noticed a gargoyle
 10400 | D:10     | Killed a gargoyle
 10401 | D:10     | Reached XP level 10. HP: 40/40 MP: 12/12
 10442 | D:10     | Noticed Psyche
 10516 | D:9      | Reached skill level 13 in Dodging
 10664 | D:10     | Noticed Harold
 10676 | D:10     | Killed Harold
 10736 | D:10     | Cast into level 1 of the Abyss (Psyche)
 10761 | Abyss:1  | Found a runed translucent door.
 10948 | Abyss:1  | Slain by a small abomination
 10949 | Abyss:1  | Reached XP level 9. HP: -2/36 MP: 11/11
 11046 | Abyss:1  | Noticed a worldbinder
 11065 | Abyss:1  | Noticed a large abomination
 11100 | Abyss:1  | Noticed a smoke demon
 11103 | Abyss:1  | Noticed a tentacled starspawn
 11108 | Abyss:1  | Noticed a kobold demonologist
 11112 | Abyss:1  | Noticed a wretched star
 11116 | Abyss:1  | Noticed an orange demon
 11119 | Abyss:1  | Noticed a wretched star
 11128 | Abyss:1  | Killed from afar by a smoke demon

Illustrated notes

Levels and vault maps discovered:
D:1:      minmay_arrival_diagonal_passages, layout_loops_ring
D:2:      minmay_angry_zag, layout_basic, marbit_many_paths,
          chequers_ecumenical_altar_simple_redux
D:3:      layout_loops_corners, uniq_purgy
D:4:      layout_basic, lemuel_doored_altar, minmay_temple_entry_tees
D:5:      layout_cave_pods, kennysheep_mini_moat, serial_shops, shop, shop,
          shop_coins, nicolae_shop_window_shopping, shop, portal_sewer_entry_b,
          kennysheep_generic_room_8, uniq_grinder
D:6:      layout_basic, old_standard_altar, gammafunk_temple_overflow_pools,
          chequers_serial_rivers_micro_e, uniq_edmund
D:7:      layout_basic, lemuel_mausoleum_altar_kikubaaqudgha
D:8:      layout_loops_ring, grunt_temple_overflow_opulence,
          overflow_temple_1_default, pdpol_wu_jian_five_deadly_venoms,
          lair_entry_dummy, serial_rivers, chequers_serial_rivers_room_a,
          chequers_serial_rivers_marsh, chequers_serial_rivers_large_b,
          chequers_serial_rivers_room_a
D:9:      dragon1_lemuel, layout_rooms
D:10:     layout_loops_ring, ebering_ghost_xom, uniq_harold, uniq_psyche,
          uniq_erolcha
Temple:   minmay_temple_curvy_loop
Abyss:1:  base:
D:10

Skill      XL: |  1  2  3  4  5  6  7  8  9 10 |
---------------+-------------------------------+-----
Dodging        | 1 2 3 5 8 9 11 12 13 | 13.5
Unarmed Combat | 4 5 7 8 9 10 11 | 11.1
Stealth        | 4 5 6 8 |  8.2
Fighting       | |  2.0
Spellcasting   | |  1.0
Necromancy     | |  1.0
Poison Magic   | |  1.0
Evocations     | |  1.1

Action                   |  1- 3 |  4- 6 |  7- 9 | 10-12 || total
-------------------------+-------+-------+-------+-------++-------
Melee: Unarmed           |    85 |   169 |   510 |   121 ||   885
       Bite              |     7 |    11 |    58 |     9 ||    85
       Punch             |     1 |     3 |    22 |     5 ||    31
 Cast: Animate Skeleton  |    11 |     6 |     1 |       ||    18
Evoke: Wand              |       |     4 |     5 |       ||     9
  Use: Potion            |       |     4 |    10 |     3 ||    17
       Scroll            |       |     7 |     4 |     3 ||    14
 Stab: Sleeping          |     9 |    14 |    21 |     1 ||    45
       Distracted        |     1 |     1 |     3 |       ||     5
Armor: Skin              |     6 |    10 |    13 |     3 ||    32
Dodge: Dodged            |    55 |   159 |   462 |   170 ||   846
